 Dungeon Sprint DCSS version 0.18-a0-1788-g92de1ac (webtiles) character file.

22605 wvc the Warrior (level 13, -9/126 HPs)
             Began as a Formicid Fighter on Apr 19, 2016.
             Was the Champion of Cheibriados.
             Hit by a large rock thrown by a stone giant (51 damage)
             ... in the Dungeon (Sprint IX: "|||||||||||||||||||||||||||||").
             The game lasted 00:08:20 (2086 turns).

wvc the Warrior (Formicid Fighter)                  Turns: 2086, Time: 00:08:21

Health: -9/126     AC: -4    Str: 37    XL:     13   Next: 28%
Magic:  20/20      EV: 23    Int: 23    God:    Cheibriados [******]
Gold:   1507       SH: 17    Dex: 35    Spells: 0 memorised, 12 levels left

rFire  + . .     SeeInvis +     p - +2 halberd (venom)
rCold  . . .     Gourm    .     F - +2 plate armour {rF+}
rNeg   . . .     Faith    .     c - +0 shield
rPois  .         Spirit   .     (helmet unavailable)
rElec  .         Dismiss  .     q - +0 cloak
rCorr  .         Reflect  .     D - +1 pair of gloves
SustAt .         Harm     .     k - +0 pair of boots
MR     +....                    (no amulet)
Stlth  ..........               u - +3 ring of dexterity
                                t - +3 ring of dexterity

@: corroded, very slow, somewhat resistant to hostile enchantments, extremely
unstealthy
A: permanent stasis, dig shafts and tunnels, four strong arms, antennae 3
a: Dig, Bend Time, Temporal Distortion, Slouch, Step From Time, Renounce
Religion


You were in the Dungeon.
You worshipped Cheibriados.
Cheibriados was exalted by your worship.
You were not hungry.

You visited 1 branch You collected 1857 gold pieces.
You spent 350 gold pieces at shops.

Inventory:

Hand Weapons
 a - a +0 trident
 p - a +2 halberd of venom (weapon)
Missiles
 A - 4 throwing nets (quivered)
Armour
 c - a +0 shield (worn)
 k - a +0 pair of boots (worn)
 q - a +0 cloak (worn)
 D - a +1 pair of gloves (worn)
 F - a +2 plate armour of fire resistance (worn)
Jewellery
 t - a +3 ring of dexterity (left hand)
 u - a +3 ring of dexterity (right hand)
 w - an uncursed ring of wizardry
Wands
 o - a wand of lightning (7/15)
Scrolls
 m - 6 scrolls of remove curse
 n - 2 scrolls of amnesia
 r - 3 scrolls of fog
 x - a scroll of identify
 y - 4 scrolls of recharging
 z - a scroll of fear
 B - a scroll of enchant armour
 C - a scroll of enchant weapon
Potions
 b - a potion of brilliance
 d - 4 potions of might
 e - 8 potions of curing
 g - a potion of invisibility
 i - 4 potions of magic
 l - 6 potions of heal wounds
 v - 3 potions of agility
 E - 2 potions of resistance
Comestibles
 f - 13 bread rations
 h - 40 fruits
 j - 12 meat rations
 s - 2 chunks of flesh


   Skills:
 + Level 19.5 Fighting
 - Level 16.2 Polearms
 + Level 12.6 Armour
 + Level 12.5 Dodging
 - Level 13.0 Shields
 - Level 9.7 Invocations


You had 12 spell levels left.
You didn't know any spells.

Dungeon Overview and Level Annotations

Branches:
Dungeon (1/1)

Altars:
Cheibriados
Dithmenos
Elyvilon
Fedhas
Gozag
Kikubaaqudgha
Makhleb
Nemelex Xobeh
Okawaru
Pakellas
Qazlal
Ru
Sif Muna
Trog
Vehumet
Xom
Yredelemnul
Zin
The Shining One
Beogh
Jiyva
Lugonu

Shops:
D ?*([


Innate Abilities, Weirdness & Mutations

You are under a permanent stasis effect.
You can dig through walls and to a lower floor.
Your four strong arms can wield two-handed weapons with a shield.
You have a pair of large antennae on your head (SInv).


Message History

You block the entropy weaver's attack. The entropy weaver misses you.
You miss the entropy weaver.
The entropy weaver is almost dead.
The entropy weaver gestures wildly while chanting.
The entropic weave corrodes you!
Your plate armour prevents you from hitting the entropy weaver.
The entropy weaver is almost dead.
You hit the entropy weaver but do no damage.
The entropy weaver is almost dead.
You block the entropy weaver's attack. The entropy weaver hits you.
* * * LOW HITPOINT WARNING * * *
The entropy weaver hits you!
* * * LOW HITPOINT WARNING * * *
The entropy weaver barely misses you.
Drink which item? (? for menu, Esc to quit)
You feel much better.
You kill the entropy weaver!
Cheibriados appreciates the change of pace.
The stone giant throws a large rock.
The large rock hits you!!!
You die...

........÷.........)..'..[[[...'..
▓▓▓▓▓▓▓▓▓▓▓▓▓▓▓▓▓▓▓▓▓▓▓▓▓▓▓▓▓▓▓▓▓
..).((.(((.......................
▓▓▓▓▓▓▓▓▓▓▓▓▓▓▓▓▓▓▓▓▓▓▓▓▓▓▓▓▓▓▓▓▓
)......).).))∩.∩.∩)∩..)..'.......
▓▓▓▓▓▓▓▓▓▓▓▓▓▓▓▓▓▓▓▓▓▓▓▓▓▓▓▓▓▓▓▓▓
.................................
▓▓▓▓▓▓▓▓▓▓▓▓▓▓▓▓▓▓▓▓▓▓▓▓▓▓▓▓▓▓▓▓▓
.........))(((.(@(C.....{
▓▓▓▓▓▓▓▓▓▓▓▓▓▓▓▓▓▓▓▓▓▓▓▓


{{{{ {{ {{{{{{{{{ {{{{{{{{{ { You could see a stone giant.

Vanquished Creatures
  3 stone giants (D)
  A fire dragon (D)
  An entropy weaver (D)
  Harold (D)
  A centaur warrior (D)
  Erica (D)
  A death knight (D)
  4 death yaks (D)
  3 orc high priests (D)
  2 hill giants (D)
  An orc knight (D)
  9 orc sorcerers (D)
  2 ugly things (D)
  Joseph (D)
  2 spiny frogs (D)
  A komodo dragon (D)
  A yaktaur (D)
  A slime creature (D)
  A blink frog (D)
  A wraith (D)
  5 yaks (D)
  A wyvern (D)
  A basilisk (D)
  2 hippogriffs (D)
  5 porcupines (D)
  A water moccasin (D)
  A black bear (D)
  An ice beast (D)
  A sky beast (D)
  8 orc warriors (D)
  An ogre (D)
  A centaur (D)
  2 crocodiles (D)
  A big kobold (D)
  2 giant frogs (D)
  A howler monkey (D)
  5 orc wizards (D)
  5 orc priests (D)
  An iguana (D)
  A river rat (D)
  An adder (D)
  A shadow imp (D)
  A giant gecko (D)
  9 orcs (D)
  2 bat zombies (D)
  A goblin (D)
  2 hobgoblins (D)
  A kobold (D)
  A ball python (D)
103 creatures vanquished.

Notes
Turn   | Place    | Note
--------------------------------------------------------------
     0 | D        | wvc the Formicid Fighter began the quest for the Orb.
     0 | D        | Reached XP level 1. HP: 18/18 MP: 1/1
    13 | D        | Reached XP level 2. HP: 21/24 MP: 2/2
    51 | D        | Noticed a centaur
    51 | D        | Noticed an ogre
    55 | D        | Killed a centaur
    55 | D        | Reached XP level 3. HP: 26/29 MP: 3/3
    55 | D        | Reached XP level 4. HP: 31/35 MP: 4/4
    62 | D        | Killed an ogre
    62 | D        | Reached skill level 10 in Polearms
    62 | D        | Reached XP level 5. HP: 35/41 MP: 5/5
    79 | D        | Found a glowing silver altar of Zin.
    79 | D        | Found a glowing golden altar of the Shining One.
    79 | D        | Found an ancient bone altar of Kikubaaqudgha.
    79 | D        | Found a basalt altar of Yredelemnul.
    79 | D        | Found a shimmering altar of Xom.
    79 | D        | Found a radiant altar of Vehumet.
    80 | D        | Found an iron altar of Okawaru.
    81 | D        | Found a burning altar of Makhleb.
    82 | D        | Found a deep blue altar of Sif Muna.
    83 | D        | Found a bloodstained altar of Trog.
    84 | D        | Found a sparkling altar of Nemelex Xobeh.
    85 | D        | Found a white marble altar of Elyvilon.
    86 | D        | Found a roughly hewn altar of Beogh.
    87 | D        | Found a viscous altar of Jiyva.
    88 | D        | Found a corrupted altar of Lugonu.
    89 | D        | Found a blossoming altar of Fedhas.
    90 | D        | Found a snail-covered altar of Cheibriados.
    91 | D        | Found a shadowy altar of Dithmenos.
    92 | D        | Found a stormy altar of Qazlal.
    93 | D        | Found an opulent altar of Gozag.
    94 | D        | Found a sacrificial altar of Ru.
    95 | D        | Found an oddly glowing altar of Pakellas.
    98 | D        | Became a worshipper of Cheibriados the Contemplative
   147 | D        | Noticed an ice beast
   147 | D        | Noticed a black bear
   147 | D        | Noticed a big kobold
   159 | D        | Killed an ice beast
   159 | D        | Reached XP level 6. HP: 10/47 MP: 6/6
   162 | D        | Killed a black bear
   162 | D        | Reached * piety under Cheibriados
   166 | D        | Reached XP level 7. HP: 12/52 MP: 7/7
   170 | D        | Reached ** piety under Cheibriados
   405 | D        | Noticed a hill giant
   405 | D        | Noticed a centaur warrior
   405 | D        | Noticed a brown ugly thing
   413 | D        | Killed a hill giant
   413 | D        | Reached *** piety under Cheibriados
   413 | D        | Reached XP level 8. HP: 57/58 MP: 8/8
   418 | D        | Killed a centaur warrior
   418 | D        | Reached skill level 5 in Fighting
   418 | D        | Reached skill level 5 in Armour
   418 | D        | Reached XP level 9. HP: 49/68 MP: 8/12
   427 | D        | Killed a brown ugly thing
   427 | D        | Reached **** piety under Cheibriados
   427 | D        | Reached skill level 6 in Fighting
   427 | D        | Reached skill level 5 in Invocations
   435 | D        | Reached ***** piety under Cheibriados
   669 | D        | Noticed a blink frog
   676 | D        | Killed a blink frog
   676 | D        | Reached skill level 7 in Fighting
   684 | D        | Reached XP level 10. HP: 76/80 MP: 13/15
   688 | D        | Reached ****** piety under Cheibriados
   697 | D        | Reached skill level 8 in Fighting
   758 | D        | Noticed a spiny frog
   758 | D        | Noticed a spiny frog
   766 | D        | Noticed a komodo dragon
   767 | D        | Killed a spiny frog
   777 | D        | Killed a spiny frog
   777 | D        | Reached skill level 5 in Dodging
   777 | D        | Reached skill level 10 in Shields
   783 | D        | Killed a komodo dragon
   783 | D        | Reached skill level 9 in Fighting
   965 | D        | Noticed a death yak
   965 | D        | Noticed a death yak
   965 | D        | Noticed a death yak
   965 | D        | Noticed a death yak
   969 | D        | Killed a death yak
   978 | D        | Killed a death yak
   978 | D        | Reached skill level 10 in Fighting
   978 | D        | Reached XP level 11. HP: 75/92 MP: 18/18
   987 | D        | Killed a death yak
   987 | D        | Reached skill level 10 in Armour
   995 | D        | Killed a death yak
   995 | D        | Reached skill level 11 in Fighting
  1283 | D        | Noticed Joseph
  1295 | D        | Killed Joseph
  1304 | D        | Noticed Erica
  1309 | D        | Killed Erica
  1309 | D        | Reached skill level 12 in Fighting
  1320 | D        | Noticed Harold
  1330 | D        | Killed Harold
  1359 | D        | Noticed an orc high priest
  1369 | D        | Killed an orc high priest
  1369 | D        | Reached skill level 13 in Fighting
  1377 | D        | Noticed an orc knight
  1385 | D        | Killed an orc knight
  1489 | D        | Noticed an orc high priest
  1504 | D        | Reached skill level 14 in Fighting
  1509 | D        | Killed an orc high priest
  1509 | D        | Reached XP level 12. HP: 105/108 MP: 19/19
  1513 | D        | Noticed an orc high priest
  1516 | D        | Noticed a soul eater
  1519 | D        | Noticed a sun demon
  1537 | D        | Killed an orc high priest
  1538 | D        | Reached skill level 15 in Fighting
  1696 | D        | Found Deikhley's Magic Scroll Emporium.
  1699 | D        | Reached skill level 10 in Dodging
  1702 | D        | Found Lust's General Store.
  1704 | D        | Found Weytargh's Weapon Emporium.
  1710 | D        | Reached skill level 16 in Fighting
  1717 | D        | Found Cuenerph's Antique Armour Shoppe.
  1720 | D        | Bought a scroll of enchant armour for 105 gold pieces
  1720 | D        | Bought a scroll of enchant weapon for 105 gold pieces
  1757 | D        | Bought a potion of might for 40 gold pieces
  1757 | D        | Bought a potion of resistance for 100 gold pieces
  1965 | D        | Noticed a death knight
  1967 | D        | Reached skill level 17 in Fighting
  1971 | D        | Killed a death knight
  1991 | D        | Noticed a fire dragon
  2007 | D        | Killed a fire dragon
  2007 | D        | Reached skill level 18 in Fighting
  2007 | D        | Reached XP level 13. HP: 115/122 MP: 20/20
  2036 | D        | Noticed a stone giant
  2037 | D        | Noticed a stone giant
  2038 | D        | Noticed a stone giant
  2039 | D        | Noticed an entropy weaver
  2039 | D        | Noticed a stone giant
  2050 | D        | Killed a stone giant
  2058 | D        | Killed a stone giant
  2066 | D        | Killed a stone giant
  2066 | D        | Reached skill level 19 in Fighting
  2086 | D        | Killed an entropy weaver
  2086 | D        | Hit by a large rock thrown by a stone giant

Vault maps used:
D:        linesprint

Skill      XL: |  1  2  3  4  5  6  7  8  9 10 11 12 13 |
---------------+----------------------------------------+-----
Polearms       | 4 8 10 12 13 16 | 16.2
Fighting       | 5 7 10 14 18 19 | 19.5
Armour         | 5 7 9 11 12 | 12.6
Dodging        | 2 4 6 9 11 12 | 12.5
Shields        | 6 8 11 13 | 13.0
Invocations    | 4 7 9 |  9.7

Action                   |  1- 3 |  4- 6 |  7- 9 | 10-12 | 13-15 || total
-------------------------+-------+-------+-------+-------+-------++-------
Melee: Trident           |    14 |    16 |       |       |       ||    30
       Halberd           |       |    19 |    60 |   231 |    45 ||   355
Invok: Slouch            |       |       |       |     5 |       ||     5
  Use: Potion            |       |     1 |       |       |     2 ||     3
 Stab: Sleeping          |       |       |       |     1 |       ||     1
       Distracted        |       |       |       |     1 |       ||     1
  Eat: Chunk             |       |       |       |     1 |     1 ||     2
Armor: Scale mail        |     2 |     3 |       |       |       ||     5
       Ring mail         |       |     5 |    12 |     6 |       ||    23
       Plate armour      |       |       |       |     1 |     1 ||     2
Dodge: Dodged            |     1 |    10 |    10 |    42 |    17 ||    80
Block: Shield            |     5 |    10 |    21 |    84 |    31 ||   151
